 Dungeon Crawl Stone Soup version 0.28-a0-1387-g3a22ab9bdc (webtiles) character file.

Game seed: 8443743474794806583

62 Deminshera the Ducker (level 3, -10/22 HPs)
             Began as a Vampire Gladiator on Jan 2, 2022.
             Mangled by an ogre (23 damage)
             ... on level 1 of the Dungeon.
             The game lasted 00:01:43 (1078 turns).

Deminshera the Ducker (Vampire Gladiator)           Turns: 1078, Time: 00:01:44

Health: -10/22     AC:  5    Str: 13    XL:     3   Next: 85%
Magic:  3/3        EV: 13    Int: 10    God:
Gold:   24         SH:  0    Dex: 17    Spells: 2/2 levels left

rFire   . . .      SeeInvis +   a - +0 rapier
rCold   + + .      Faith    .   (no shield)
rNeg    + + +      Spirit   .   b - +0 leather armour
rPois   ∞          Reflect  .   c - +0 helmet
rElec   .          Harm     .   (no cloak)
rCorr   .          Rampage  .   i - +0 pair of gloves
Will    .....                   (no boots)
Stlth   ++++......              (no amulet)
HPRegen 0.00/turn               (no ring)
MPRegen 0.08/turn               (no ring)

@: bloodless, inhibited regen
A: bloodless, fangs 3, see invisible, vampiric 2
a: Bat Form, Revivify


You were on level 1 of the Dungeon.
You visited 1 branch of the dungeon, and saw 2 of its levels.

You collected 24 gold pieces.

Inventory:

Hand Weapons
 a - a +0 rapier (weapon)
Missiles
 d - 3 throwing nets (quivered)
Armour
 b - a +0 leather armour (worn)
 c - a +0 helmet (worn)
 i - a +0 pair of gloves (worn)
Scrolls
 e - 5 scrolls of teleportation {unknown}
 f - a scroll of amnesia {unknown}
 g - 2 scrolls of identify {unknown}
Potions
 h - a potion of heal wounds {unknown}


   Skills:
 + Level 2.3 Fighting
 + Level 3.8 Short Blades
 - Level 2.0 Throwing
 + Level 3.8 Dodging
 + Level 2.3 Stealth


You had 2 spell levels left.
You didn't know any spells.
Your spell library was empty.

Dungeon Overview and Level Annotations

Branches:
Dungeon (2/15)

Altars:


Innate Abilities, Weirdness & Mutations

You do not regenerate when monsters are visible.
You are frail without blood (-20% HP).
You can heal yourself when you bite living creatures.
You are immune to poison.
You have razor-sharp teeth.
You have supernaturally acute eyesight. (SInv)
You are afflicted with vampirism and can become a bat while bloodless.


Message History

You closely miss the adder.
The adder is moderately wounded.
The adder misses you. x2
You miss the adder.
The adder is moderately wounded.
The adder bites you but does no damage.
You closely miss the adder.
The adder is moderately wounded.
The adder barely misses you.
You barely miss the adder.
The adder is moderately wounded.
The adder bites you.
* * * LOW HITPOINT WARNING * * *
The adder completely misses you.
You miss the adder. You bite the adder, but do no damage.
The adder is moderately wounded.
The adder bites you but does no damage.
You hit the adder.
The adder is severely wounded.
The adder misses you.
You miss the adder.
The adder is severely wounded.
The adder barely misses you. The adder closely misses you.
You hit the adder but do no damage.
The adder is severely wounded.
The adder bites you but does no damage.
You hit the adder.
You kill the adder!
There is a stone staircase leading down here.
You start resting.
HP restored.
You climb downwards.
The ogre misses you. The worm bites you!
There is a stone staircase leading up here.
The ogre barely misses you.
You climb upwards.
There is a stone staircase leading down here.
You barely miss the worm. The worm closely misses you.
The ogre hits you with a +0 giant club!!
Ouch! That really hurt!
You die...

############################
#...........................
##.########################.
#.# #################.
##.### #......[..........
#....# #w###############.
####.# #@O........# #. #.#
###..#####.######. #.#
##.###.......... #)#
#####..##.##.###### #.#
#......##.##.###### #.#
#.......#.#.......# #.#
#.......#.........# #.#
#######..##.......# #.#
##.#######.##


You could see an ogre and a worm.

Vanquished Creatures
  2 adders
  2 ball pythons (D:1)
  5 endoplasms (D:1)
  2 giant cockroaches (D:1)
  3 goblins (D:1)
  2 hobgoblins (D:1)
  8 jackals (D:1)
  3 kobolds (D:1)
  A quokka (D:1)
  A bat (D:1)
  A frilled lizard (D:1)
  7 rats (D:1)
37 creatures vanquished.

Notes
Turn   | Place    | Note
-------+----------+-------------------------------------------
     0 | D:1      | Deminshera the Vampire Gladiator began the quest for the
                  | Orb.
     0 | D:1      | Reached XP level 1. HP: 16/16 MP: 1/1
    47 | D:1      | Reached skill level 1 in Stealth
    47 | D:1      | Reached XP level 2. HP: 16/22 MP: 2/2
   515 | D:1      | Gained mutation: You are afflicted with vampirism and can
                  | become a bat while bloodless. [Vampire growth]
   515 | D:1      | Reached XP level 3. HP: 18/21 MP: 3/3
   600 | D:1      | Found a faded altar of an unknown god.
   801 | D:2      | Noticed an ogre
  1078 | D:1      | Mangled by an ogre

Illustrated notes

Levels and vault maps discovered:
D:1:      onia_arrival_pentagram, layout_basic,
          ebering_ecumenical_altar_sacrificial
D:2:      layout_rooms, uniq_sigmund

Skill      XL: |  1  2  3 |
---------------+----------+-----
Stealth        | 1 2 |  2.3
Fighting       | 2 |  2.3
Throwing       | 2 |  2.0
Short Blades   | |  3.8
Dodging        | |  3.8

Action                   || total
-------------------------++-------
Melee: Rapier            ||    92
       Bite              ||     9
 Abil: Exsanguinate      ||     1
 Stab: Sleeping          ||    10
Armor: Leather armour    ||    35
Dodge: Dodged            ||    66

Table legend: (Time is in decaauts)
 A = Elapsed time spent in this place.
 B = Non-inter-level travel time spent in this place.
 C = Inter-level travel time spent in this place.
 D = Time resting spent in this place.
 E = Time spent auto-exploring this place.
 F = Levels seen in this place.
 G = Mean time per level.
                   A        B        C        D        E       F      G
               +--------+--------+--------+--------+--------+-----+--------+
         Total |   1082 |   1082 |      0 |    368 |    430 |   2 |  541.0 |
       Dungeon |   1082 |   1082 |      0 |    368 |    430 |   2 |  541.0 |
               +--------+--------+--------+--------+--------+-----+--------+

Top non-repeatable levels by time:
     D:1: 1046 daAuts
     D:2: 35 daAuts
